SAA
IRVING BLUE SOX @ RICHLAND RAILS
07/28/2028
 
TOP OF THE 1ST
Irving Blue Sox batting - Pitching for Richland Rails : RHP Paco Manuel
Pitching: RHP Paco Manuel
Batting: RHB Sung-min Pae 0-0: Called Strike
0-1: Ball
1-1: Fly out, F8 (Flyball, 89M)
Batting: RHB Enrique Gómez 0-0: Called Strike
0-1: Ball
1-1: Ball
2-1: Called Strike
2-2: Ball
3-2: Foul Ball, location: 2F
3-2: Foul Ball, location: 2F
3-2: Base on Balls
Batting: RHB Abel Boga 0-0: Called Strike
Enrique Gómez steals 2nd base
0-1: Swinging Strike
0-2: Ball
1-2: Foul Ball, location: 2F
1-2: Foul Ball, location: 2F
1-2: Ball
2-2: Fly out, F7 (Flyball, 7S)
Batting: RHB Cisco Hernández 0-0: Ball
1-0: Foul Ball, location: 2F
1-1: Fly out, F8 (Flyball, 89M)
Top of the 1st over - 0 run(s), 0 hit(s), 0 error(s), 1 left on base; Irving 0 - Richland 0
BOTTOM OF THE 1ST
Richland Rails batting - Pitching for Irving Blue Sox : RHP Anastasio Enríquez
Pitching: RHP Anastasio Enríquez
Batting: RHB Michael Bradshaw 0-0: Ground out 4-3 (Groundball, 4)
Batting: RHB Alexandre Keeping 0-0: Ball
1-0: Called Strike
1-1: Ground out 5-3 (Groundball, 56S)
Batting: SHB Félix Medina 0-0: Foul Ball, location: 2F
0-1: Ball
1-1: SINGLE (Line Drive, 4) (infield hit)
Batting: RHB Scott Ramsey 0-0: Ball
Félix Medina steals 2nd base
1-0: Foul Ball, location: 2F
1-1: Foul Ball, location: 2F
1-2: Strikes out swinging
Bottom of the 1st over - 0 run(s), 1 hit(s), 0 error(s), 1 left on base; Irving 0 - Richland 0
TOP OF THE 2ND
Irving Blue Sox batting - Pitching for Richland Rails : RHP Paco Manuel
Batting: RHB Phil Sherman 0-0: Called Strike
0-1: Ball
1-1: Foul Ball, location: 2F
1-2: SINGLE (Flyball, 8LS)
Batting: SHB John Clayton 0-0: Ball
1-0: Swinging Strike
1-1: Swinging Strike
1-2: Ball
2-2: Fly out, F7 (Line Drive, 78M)
Batting: RHB Wessel Wemerman 0-0: Ball
1-0: Called Strike
1-1: Ball
2-1: Grounds into double play, 6-4-3 (Groundball, 6)
Top of the 2nd over - 0 run(s), 1 hit(s), 0 error(s), 0 left on base; Irving 0 - Richland 0
BOTTOM OF THE 2ND
Richland Rails batting - Pitching for Irving Blue Sox : RHP Anastasio Enríquez
Batting: SHB Jorge Colón 0-0: Ball
1-0: Ground out 6-3 (Groundball, 6)
Batting: RHB Christian Gentry 0-0: Called Strike
0-1: Ball
1-1: Foul Ball, location: 2F
1-2: Reached on error, E5 (Groundball, 56S)
Batting: LHB Mike Gillespie 0-0: Ball
Christian Gentry steals 2nd base
1-0: Ball
2-0: Swinging Strike
2-1: Swinging Strike
2-2: Foul Ball, location: 2F
2-2: Ball
3-2: Foul Ball, location: 2F
3-2: SINGLE (Line Drive, 6)
Christian Gentry to third
Runner from 3rd tries for Home, SAFE, no throw
Batting: RHB Leon Carlisle 0-0: Ball
Mike Gillespie is caught stealing 2nd base
1-0: Ground out 6-3 (Groundball, 6D)
Bottom of the 2nd over - 1 run(s), 1 hit(s), 1 error(s), 0 left on base; Irving 0 - Richland 1
TOP OF THE 3RD
Irving Blue Sox batting - Pitching for Richland Rails : RHP Paco Manuel
Batting: RHB Eisse Cals 0-0: Ball
1-0: Foul Ball, location: 2F
1-1: Called Strike
1-2: Strikes out looking
Batting: SHB Lúcio Gonzáles 0-0: Ball
1-0: Called Strike
1-1: Foul Ball, location: 2F
1-2: Ball
2-2: Ground out U3 (Groundball, 34S)
Batting: RHB Sung-min Pae 0-0: Called Strike
0-1: Ball
1-1: Fly out, F8 (Flyball, 8RM)
Top of the 3rd over - 0 run(s), 0 hit(s), 0 error(s), 0 left on base; Irving 0 - Richland 1
BOTTOM OF THE 3RD
Richland Rails batting - Pitching for Irving Blue Sox : RHP Anastasio Enríquez
Batting: RHB Fernando Granados 0-0: Called Strike
0-1: Ball
1-1: Fly out, F8 (Flyball, 8LS)
Batting: RHB Michael Bradshaw 0-0: Called Strike
0-1: Swinging Strike
0-2: Ball
1-2: Ball
2-2: Ball
3-2: Base on Balls
Batting: RHB Alexandre Keeping 0-0: Ball
1-0: Fly out, F9 (Flyball, 9S)
Batting: SHB Félix Medina 0-0: Ball
Throwing error on steal attempt, E2
Michael Bradshaw to third
1-0: Ball
2-0: Called Strike
2-1: Called Strike
2-2: Strikes out swinging
Bottom of the 3rd over - 0 run(s), 0 hit(s), 1 error(s), 1 left on base; Irving 0 - Richland 1
TOP OF THE 4TH
Irving Blue Sox batting - Pitching for Richland Rails : RHP Paco Manuel
Batting: RHB Enrique Gómez 0-0: Fly out, F7 (Flyball, 78M)
Batting: RHB Abel Boga 0-0: Ball
1-0: Called Strike
1-1: Ball
2-1: Fly out, F9 (Flyball, 9D)
Batting: RHB Cisco Hernández 0-0: Ball
1-0: Ground out 5-3 (Groundball, 56)
Top of the 4th over - 0 run(s), 0 hit(s), 0 error(s), 0 left on base; Irving 0 - Richland 1
BOTTOM OF THE 4TH
Richland Rails batting - Pitching for Irving Blue Sox : RHP Anastasio Enríquez
Batting: RHB Scott Ramsey 0-0: Ground out 6-3 (Groundball, 6)
Batting: SHB Jorge Colón 0-0: SINGLE (Groundball, 6MD)
Batting: RHB Christian Gentry 0-0: Called Strike
0-1: Ball
1-1: Foul Ball, location: 2F
1-2: Ball
2-2: Ball
3-2: Foul Ball, location: 2F
3-2: Strikes out swinging
Batting: LHB Mike Gillespie 0-0: Swinging Strike
0-1: Called Strike
0-2: Ball
1-2: DOUBLE (Line Drive, 9LM)
Jorge Colón to third
Batting: RHB Leon Carlisle 0-0: SINGLE (Flyball, 7S)
Jorge Colón scores
Mike Gillespie to third
Runner from 3rd tries for Home, SAFE, no throw
Batting: RHB Fernando Granados 0-0: Called Strike
0-1: Ball
Wild Pitch!
Leon Carlisle to second
1-1: Foul Ball, location: 2F
1-2: Ball
2-2: Ball
3-2: Base on Balls
Batting: RHB Michael Bradshaw 0-0: Called Strike
0-1: Called Strike
0-2: Ball
1-2: Ball
2-2: Ball
3-2: Base on Balls
Leon Carlisle to third
Fernando Granados to second
Batting: RHB Alexandre Keeping 0-0: Called Strike
0-1: Ball
1-1: Fly out, F7 (Line Drive, 78M)
Bottom of the 4th over - 2 run(s), 3 hit(s), 0 error(s), 3 left on base; Irving 0 - Richland 3
TOP OF THE 5TH
Irving Blue Sox batting - Pitching for Richland Rails : RHP Paco Manuel
Batting: RHB Phil Sherman 0-0: Ball
1-0: Foul Ball, location: 2F
1-1: SINGLE (Flyball, 8LS)
Batting: SHB John Clayton 0-0: Ball
1-0: Bunted foul
1-1: Ball
2-1: Sac Bunt - play at first, batter OUT! 3-4
Phil Sherman to second
Batting: RHB Wessel Wemerman 0-0: Called Strike
0-1: SINGLE (Line Drive, 7S)
Phil Sherman to third
Batting: RHB Eisse Cals 0-0: Ball
1-0: Ball
2-0: Called Strike
2-1: Ball
3-1: Foul Ball, location: 2F
3-2: Strikes out looking
Wessel Wemerman steals 2nd base
Batter strikes out.
Batting: SHB Lúcio Gonzáles 0-0: Ball
1-0: Foul Ball, location: 2F
1-1: Ball
2-1: Foul Ball, location: 2F
2-2: SINGLE (Line Drive, 4D)
Phil Sherman scores
Wessel Wemerman to third
Runner from 3rd tries for Home, SAFE, no throw
Batting: RHB Sung-min Pae 0-0: Ball
1-0: Foul Ball, location: 2F
1-1: Fielders Choice at 2nd, 5-4 (Groundball, 5)
Top of the 5th over - 2 run(s), 3 hit(s), 0 error(s), 0 left on base; Irving 2 - Richland 3
BOTTOM OF THE 5TH
Richland Rails batting - Pitching for Irving Blue Sox : RHP Anastasio Enríquez
Batting: SHB Félix Medina 0-0: Foul Ball, location: 2F
0-1: Swinging Strike
0-2: Strikes out swinging
Batting: RHB Scott Ramsey 0-0: Ball
1-0: Ball
2-0: Called Strike
2-1: Foul Ball, location: 2F
2-2: DOUBLE (Line Drive, 7LM)
Batting: SHB Jorge Colón 0-0: Called Strike
0-1: Swinging Strike
0-2: Ball
1-2: Ball
2-2: Strikes out swinging
Batting: RHB Christian Gentry 0-0: Called Strike
0-1: SINGLE (Line Drive, 6M)
Scott Ramsey to third
Runner from 3rd tries for Home, SAFE, no throw
Batting: LHB Mike Gillespie 0-0: Ball
1-0: Called Strike
1-1: Foul Ball, location: 2F
Pickoff Throw to First - Error! E1
Christian Gentry to second
1-2: Ground out 5-3 (Groundball, 56)
Bottom of the 5th over - 1 run(s), 2 hit(s), 1 error(s), 1 left on base; Irving 2 - Richland 4
TOP OF THE 6TH
Irving Blue Sox batting - Pitching for Richland Rails : RHP Paco Manuel
Batting: RHB Enrique Gómez 0-0: Ground out 5-3 (Groundball, 56)
Batting: RHB Abel Boga 0-0: Ball
1-0: Ball
2-0: Called Strike
2-1: Foul Ball, location: 2F
2-2: Strikes out swinging
Batting: RHB Cisco Hernández 0-0: Called Strike
0-1: Ground out 6-3 (Groundball, 6)
Top of the 6th over - 0 run(s), 0 hit(s), 0 error(s), 0 left on base; Irving 2 - Richland 4
BOTTOM OF THE 6TH
Richland Rails batting - Pitching for Irving Blue Sox : RHP Anastasio Enríquez
Batting: RHB Leon Carlisle 0-0: Ball
1-0: Ground out 6-3 (Groundball, 6)
Batting: RHB Fernando Granados 0-0: Ball
1-0: Called Strike
1-1: Ball
2-1: Foul Ball, location: 2F
2-2: Ground out 6-3 (Groundball, 6)
Batting: RHB Michael Bradshaw 0-0: Called Strike
0-1: Foul Ball, location: 2F
0-2: Foul Ball, location: 2F
0-2: Ball
1-2: Fly out, F8 (Flyball, 8RD)
Bottom of the 6th over - 0 run(s), 0 hit(s), 0 error(s), 0 left on base; Irving 2 - Richland 4
TOP OF THE 7TH
Irving Blue Sox batting - Pitching for Richland Rails : RHP Paco Manuel
Batting: RHB Phil Sherman 0-0: Fly out, F7 (Line Drive, 7)
Batting: SHB John Clayton 0-0: Ball
1-0: Called Strike
1-1: SINGLE (Line Drive, 56D)
Batting: RHB Wessel Wemerman 0-0: Grounds into double play, 6-4-3 (Groundball, 6)
Top of the 7th over - 0 run(s), 1 hit(s), 0 error(s), 0 left on base; Irving 2 - Richland 4
BOTTOM OF THE 7TH
Richland Rails batting - Pitching for Irving Blue Sox : RHP Anastasio Enríquez
Batting: RHB Alexandre Keeping 0-0: Ball
1-0: Ball
2-0: Ball
3-0: Base on Balls
Pitching: RHP Andy Perry
Batting: SHB Félix Medina 0-0: Called Strike
0-1: Fly out, F9 (Flyball, 9)
Batting: RHB Scott Ramsey 0-0: Called Strike
0-1: Ball
1-1: Ball
2-1: 2-RUN HOME RUN (Flyball, 7D), Distance : 353 ft
Batting: SHB Jorge Colón 0-0: Called Strike
0-1: Foul Ball, location: 2F
0-2: Foul Ball, location: 2F
0-2: Foul Ball, location: 2F
0-2: Ball
1-2: Strikes out swinging
Batting: RHB Christian Gentry 0-0: Called Strike
0-1: Called Strike
0-2: Ball
1-2: Strikes out swinging
Bottom of the 7th over - 2 run(s), 1 hit(s), 0 error(s), 0 left on base; Irving 2 - Richland 6
TOP OF THE 8TH
Irving Blue Sox batting - Pitching for Richland Rails : RHP Paco Manuel
Batting: RHB Eisse Cals 0-0: Ball
1-0: Swinging Strike
1-1: Fly out, F8 (Flyball, 89M)
Pitching: RHP Hartmann Riedman
Batting: SHB Lúcio Gonzáles 0-0: Called Strike
0-1: SINGLE (Groundball, 6MD)
Batting: RHB Sung-min Pae 0-0: Ball
1-0: Called Strike
1-1: Foul Ball, location: 2F
1-2: Strikes out swinging
Batting: RHB Enrique Gómez 0-0: Called Strike
0-1: Ball
1-1: Ball
2-1: Fielders Choice at 2nd, 6-4 (Groundball, 6)
Top of the 8th over - 0 run(s), 1 hit(s), 0 error(s), 0 left on base; Irving 2 - Richland 6
BOTTOM OF THE 8TH
Richland Rails batting - Pitching for Irving Blue Sox : RHP Andy Perry
Batting: LHB Mike Gillespie 0-0: Called Strike
0-1: Swinging Strike
0-2: Ball
1-2: Strikes out looking
Batting: RHB Leon Carlisle 0-0: Ball
1-0: Foul Ball, location: 2F
1-1: Fly out, F9 (Flyball, 9)
Batting: RHB Fernando Granados 0-0: Called Strike
0-1: Ball
1-1: Ball
2-1: Ball
3-1: Foul Ball, location: 2F
3-2: Strikes out swinging
Bottom of the 8th over - 0 run(s), 0 hit(s), 0 error(s), 0 left on base; Irving 2 - Richland 6
TOP OF THE 9TH
Irving Blue Sox batting - Pitching for Richland Rails : RHP Hartmann Riedman
Pitching: LHP Jorge Mejía
Batting: RHB Abel Boga 0-0: Ball
1-0: Swinging Strike
1-1: Foul Ball, location: 2F
1-2: Ball
2-2: Ground out 6-3 (Groundball, 6MS)
Batting: RHB Cisco Hernández 0-0: SINGLE (Groundball, 6MD)
Batting: RHB Phil Sherman 0-0: Ball
1-0: Called Strike
1-1: Foul Ball, location: 2F
1-2: Foul Ball, location: 2F
1-2: Ball
2-2: SINGLE (Flyball, 8RS)
Cisco Hernández to second
Batting: SHB John Clayton 0-0: SINGLE (Groundball, 6S) (infield hit)
Cisco Hernández to third
Phil Sherman to second
Batting: RHB Wessel Wemerman 0-0: Swinging Strike
0-1: Called Strike
0-2: SINGLE (Groundball, 6MD)
Cisco Hernández scores
Phil Sherman to third
John Clayton to second
Pinch Hitting: RHB Manny Gonzáles 0-0: Fly out, F4 (Flyball, 4D)
Batting: SHB Lúcio Gonzáles 0-0: Called Strike
0-1: Foul Ball, location: 2F
0-2: Fielders Choice at 2nd, 6-4 (Groundball, 6)
Top of the 9th over - 1 run(s), 4 hit(s), 0 error(s), 2 left on base; Irving 3 - Richland 6
Monday, August 21st, 2017 - OOTP Baseball 17.12 Build 75